 Dungeon Crawl Stone Soup version 0.25.1-8-g42b30a86e7 (webtiles) character file.

Game seed: 14010144021650595861

135 DuloT34 the Poker (level 5, -5/41 HPs)
             Began as a Merfolk Gladiator on Dec 20, 2020.
             Was a Follower of Trog.
             Slain by a sky beast (6 damage)
             ... on level 2 of the Dungeon.
             The game lasted 00:03:59 (1993 turns).

DuloT34 the Poker (Merfolk Gladiator)               Turns: 1993, Time: 00:04:00

Health: -5/41      AC:  4    Str: 14    XL:     5   Next: 18%
Magic:  5/5        EV: 14    Int:  8    God:    Trog [*.....]
Gold:   123        SH:  0    Dex: 16    Spells: 4/4 levels left

rFire    . . .     SeeInvis .   a - +0 trident
rCold    . . .     Gourm    .   (no shield)
rNeg     . . .     Faith    .   b - +0 leather armour
rPois    .         Spirit   .   c - +0 helmet
rElec    .         Reflect  .   (no cloak)
rCorr    .         Harm     .   (no gloves)
MR       .....                  (no boots)
Stlth    ++........             (no amulet)
HPRegen  0.13/turn              (no ring)
MPRegen  0.09/turn              (no ring)

@: no status effects
A: change form in water, swift swim, stealthy swim
a: Berserk, Renounce Religion


You were on level 2 of the Dungeon.
You worshipped Trog.
Trog was aware of your devotion.
You were not hungry.

You visited 1 branch of the dungeon, and saw 3 of its levels.

You collected 123 gold pieces.

Inventory:

Hand Weapons
 a - a +0 trident (weapon)
Missiles
 d - 3 throwing nets (quivered)
Armour
 b - a +0 leather armour (worn)
 c - a +0 helmet (worn)
Scrolls
 e - a scroll of remove curse
 i - a scroll of enchant armour {unknown}
 j - a scroll of teleportation {unknown}
Potions
 h - 2 potions of lignification {unknown}
Comestibles
 f - 5 rations
 g - 3 chunks of flesh


   Skills:
 + Level 3.1 Fighting
 + Level 6.4 Polearms
 + Level 2.0 Throwing
 + Level 1.0 Armour
 + Level 4.5 Dodging
 + Level 1.5 Stealth


You had 4 spell levels left.
You didn't know any spells.
Your spell library was empty.

Dungeon Overview and Level Annotations

Branches:
Dungeon (3/15)

Altars:
Trog


Message History

You closely miss the sky beast.
The sky beast is severely wounded.
The sky beast misses you.
You hit the sky beast.
The sky beast is almost dead.
The sky beast flickers out of sight!
Deactivating autopickup; reactivate with Ctrl-A.
Something hits you. Something shocks you.
You barely miss something. Something hits you but does no damage.
You barely miss something. Something hits you. Something shocks you.
* * * LOW HITPOINT WARNING * * *
You closely miss something. Something hits you.
* * * LOW HITPOINT WARNING * * *
Something shocks you.
* * * LOW HITPOINT WARNING * * *
You closely miss something. Something barely misses you.
You barely miss something. Something hits you.
* * * LOW HITPOINT WARNING * * *
Something shocks you.
You die...

.#..##.# #.#.##.####
#.........##### #..<..........#
...........##.# #.##.#.##..##.#
..##.#.##..##.#
.......###.##.########..
####.#>.).......@{......#######.#
#.#####.###...#.###........#.#
#...............!..........#.#
#.#####.###...##.##........#.# ##
#.#####.####### .(...........# .
.........# #..........#
.........# #.(........# ##
#.######.##########..........# .#
#............###.###.##


There were no monsters in sight!

Vanquished Creatures
  2 orc wizards (D:2)
  Terence (D:2)
  An adder (D:2)
  A worm (D:2)
  3 dart slugs (D:2)
  A leopard gecko (D:2)
  2 orcs (D:2)
  2 ball pythons
  A bat (D:1)
  2 giant cockroaches (D:1)
  6 hobgoblins
  7 kobolds
  A quokka (D:2)
  A frilled lizard (D:1)
  2 goblins (D:1)
  A rat (D:1)
34 creatures vanquished.

Vanquished Creatures (others)
  A goblin (D:2)
1 creature vanquished.

Grand Total: 35 creatures vanquished

Notes
Turn   | Place    | Note
-------+----------+-------------------------------------------
     0 | D:1      | DuloT34 the Merfolk Gladiator began the quest for the Orb.
     0 | D:1      | Reached XP level 1. HP: 16/16 MP: 1/1
   392 | D:1      | Reached XP level 2. HP: 21/23 MP: 2/2
   400 | D:1      | Reached skill level 5 in Polearms
  1185 | D:2      | Noticed Terence
  1193 | D:2      | Killed Terence
  1193 | D:2      | Reached XP level 3. HP: 27/28 MP: 3/3
  1260 | D:2      | Found a faded altar of an unknown god.
  1601 | D:2      | Became a worshipper of Trog the Wrathful
  1601 | D:2      | Reached * piety under Trog
  1671 | D:2      | Reached XP level 4. HP: 29/34 MP: 4/4
  1673 | D:2      | Reached skill level 1 in Stealth
  1688 | D:2      | Reached skill level 6 in Polearms
  1688 | D:2      | Reached XP level 5. HP: 37/41 MP: 5/5
  1693 | D:2      | Reached skill level 1 in Armour
  1968 | D:2      | Noticed a sky beast
  1991 | D:2      | HP: 2/41 [something (5)]
  1993 | D:2      | Slain by a sky beast

Illustrated notes

Levels and vault maps discovered:
D:1:      minmay_arrival_loop, layout_basic, moated_statue,
          corexii_leaking_fountain, roderic_lattice_a
D:2:      layout_loops_ring, chequers_ecumenical_altar_simple_redux,
          chequers_serial_rivers_micro_b, minmay_misc_feat_square, uniq_terence,
          uniq_crazy_yiuf_cottage
D:3:      layout_rooms, kennysheep_generic_room_13, uniq_robin

Skill      XL: |  1  2  3  4  5 |
---------------+----------------+-----
Polearms       | 5 6 |  6.4
Stealth        | 1 |  1.5
Fighting       | 3 |  3.1
Armour         | 1 |  1.0
Throwing       | |  2.0
Dodging        | |  4.5

Action                   |  1- 3 |  4- 6 || total
-------------------------+-------+-------++-------
Melee: Trident           |    77 |    58 ||   135
Invok: Berserk           |       |     1 ||     1
  Use: Scroll            |     1 |       ||     1
 Stab: Sleeping          |     3 |     1 ||     4
  Eat: Ration            |     1 |       ||     1
       Chunk             |     1 |       ||     1
Armor: Leather armour    |    10 |     9 ||    19
Dodge: Dodged            |    32 |    30 ||    62
